 Dungeon Crawl Stone Soup version 0.23.2-40-g277498a001 (webtiles) character file.

Game seed: 5414730139835576188

27088 DawwaD the Severer (level 13, 0/132 HPs)
             Began as a Minotaur Berserker on Aug 23, 2019.
             Was a High Priest of Trog.
             Shot with an arrow by a deep elf archer (16 damage)
             ... on level 1 of the Elven Halls.
             The game lasted 00:54:51 (11644 turns).

DawwaD the Severer (Minotaur Berserker)            Turns: 11644, Time: 00:54:53

Health: 0/132      AC: 15    Str: 34    XL:     13   Next: 2%
Magic:  2/4        EV: 15    Int:  4    God:    Trog [*****.]
Gold:   575        SH:  0    Dex: 10    Spells: 12/12 levels left

rFire    + . .     SeeInvis .   n - +4 battleaxe (antimagic)
rCold    . . .     Gourm    .   (shield currently unavailable)
rNeg     . . .     Faith    .   t - +3 ring mail
rPois    .         Spirit   .   (helmet restricted)
rElec    .         Reflect  .   F - scarf {repulsion}
rCorr    .         Harm     .   I - +2 pair of gloves {Str+3}
MR       ++...                  j - +0 pair of boots
Stlth    +.........             x - amulet of Vitality {Regen+ HP+15}
HPRegen  1.72/turn              r - +4 ring of strength
MPRegen  0.09/turn              y - ring of protection from fire

@: berserk cooldown, regenerating, slowed, lightly drained, repel missiles, very
slow
A: retaliatory headbutt, horns 2
a: Berserk, Trog's Hand, Brothers in Arms, Renounce Religion


You were on level 1 of the Elven Halls.
You worshipped Trog.
Trog was extremely pleased with you.
You were near starving.

You visited 3 branches of the dungeon, and saw 13 of its levels.

You collected 1309 gold pieces.
You spent 734 gold pieces at shops.

Inventory:

Hand Weapons
 a - a +0 hand axe
 n - a +4 antimagic battleaxe (weapon)
 G - a +1 hand axe of draining
 H - a +4 antimagic broad axe
Armour
 j - a +0 pair of boots (worn)
 t - a +3 ring mail (worn)
 F - a scarf of repulsion (worn)
 I - a +2 pair of gloves of strength (worn)
Jewellery
 p - an uncursed ring of see invisible
 r - a +4 ring of strength (left hand)
 x - the amulet of Vitality (around neck) {Regen+ HP+15}
   (You found it on level 5 of the Dungeon)

   [amulet of regeneration]

   It affects your health (+15).
   It increases your rate of regeneration.
 y - a ring of protection from fire (right hand)
 D - the ring of Nearauth {rPois rF+ Str-3 Stlth+}
   (You found it on level 7 of the Dungeon)

   [ring of stealth]

   It affects your strength (-3).
   It protects you from fire.
   It protects you from poison.
   It makes you more stealthy.
Scrolls
 b - 5 scrolls of identify
 d - a scroll of magic mapping
 e - 8 scrolls of teleportation
 h - 4 scrolls of remove curse
 u - a scroll of enchant armour
 v - a scroll of immolation
 z - a scroll of enchant weapon {unknown}
 A - 3 scrolls of blinking
 B - 2 scrolls of noise {unknown}
Potions
 f - 3 potions of brilliance
 g - 2 potions of might {unknown}
 k - 4 potions of degeneration {unknown}
 m - 2 potions of agility {unknown}
 o - a potion of flight {unknown}
 q - a potion of cancellation {unknown}
 s - a potion of ambrosia {unknown}
 w - a potion of berserk rage {unknown}
 C - a potion of lignification {unknown}
 E - a potion of heal wounds {unknown}
Comestibles
 c - 13 rations


   Skills:
 + Level 11.9(11.8) Fighting
 + Level 17.1(17.0) Axes
 + Level 10.1(10.0) Armour
 + Level 9.0(8.9) Dodging
 + Level 3.1(3.0) Stealth
   Level 6.8(6.7) Shields


You had 12 spell levels left.
You didn't know any spells.
Your spell library was empty.

Dungeon Overview and Level Annotations

Branches:
Dungeon (10/15)            Temple (0/1) D:7             Orc (2/2) D:10
    Elf (1/3) Orc:2
   Lair: D:8-11

Altars:
Elyvilon
Fedhas
Gozag
Makhleb
Nemelex Xobeh
Okawaru
Qazlal
Sif Muna
Trog
Vehumet
Wu Jian
Xom
Yredelemnul
The Shining One

Shops:
D:9 =   Orc:2 [*=(

Annotations:
D:7 exclusion: oklob plant


Innate Abilities, Weirdness & Mutations

You reflexively headbutt those who attack you in melee.
You have a pair of horns on your head.


Message History

The deep elf archer wields a +2 short sword of draining.
You sense an unholy aura.
The deep elf archer hits you with a +2 short sword of draining.
* * * LOW HITPOINT WARNING * * *
You feel drained.
You slash the deep elf archer!
The deep elf archer's magic leaks into the air.
The deep elf archer is severely wounded.
The deep elf archer falters for a moment.
You miss the deep elf archer.
The deep elf archer is severely wounded.
The deep elf archer completely misses you.
The deep elf archer closely misses you.
You slice the deep elf archer!!
You kill the deep elf archer!
Trog accepts your kill.
Trog appreciates your killing of a magic user.
Your base Dodging skill increases to level 9!
The deep elf archer shoots an arrow.
The arrow hits you!
You die...

.....#...........................
.....##.e...#.... ...............
e.....eee.....# #...# .##......
#(##### #...##.##......
...####*))..# ###...##.##...../
......(eee(.#####................
...#..#.###T...e.....)..###.....#
.....*.# #..###)........####.###
..#.)#..# #..###@.....(..#.#.....
..^....## #....T.........)#.....#
.#..#.. ##..#.........(.........
.....# ##..............)........
..# ##....#.......)(..........
###..##.#.#.^....(((........
###...###.#.##....)...........
#...........##.......#.....[..
#..###.#..####.......##....#..


You could see a deep elf archer and a friendly iron troll (berserk).

Vanquished Creatures
  Gastronok (D:10)
  An orc warlord (Orc:2)
  A deep elf sorcerer (Elf:1)
  A dancing weapon (Elf:1)
  2 orc high priests (Orc:2)
  An unseen horror (D:9)
  2 deep elf archers (Elf:1)
  An orc knight (Orc:2)
  9 deep elf magi (Elf:1)
  An ugly thing (D:8)
  2 orc sorcerers (Orc:2)
  Grinder (D:6)
  3 trolls
  A hornet (D:10)
  Prince Ribbit (D:8)
  A polar bear (shapeshifter) (Elf:1)
  4 hippogriffs
  Sigmund (D:3)
  A wyvern (D:8)
  A fire elemental (Elf:1)
  A human (D:7)
  4 hogs (D:7)
  2 wargs (Orc:2)
  2 sky beasts
  26 orc warriors
  An ice beast (D:10)
  2 necrophages
  A phantom (D:8)
  9 ogres
  4 centaurs
  6 bullfrogs
  A big kobold (D:10)
  3 scorpions
  9 killer bees
  A howler monkey (D:4)
  6 crimson imps
  2 bullfrog zombies
  3 centaur zombies (D:10)
  6 hounds
  22 orc wizards
  A quasit (D:6)
  3 centaur skeletons
  Crazy Yiuf (D:6)
  15 orc priests
  2 bullfrog skeletons (D:8)
  4 jellies
  6 iguanas
  Terence (D:2)
  9 worker ants
  A hound zombie (D:5)
  A hound skeleton (D:5)
  A howler monkey skeleton (D:7)
  9 gnolls
  19 adders
  2 oozes
  4 adder skeletons
  5 worms
  4 dart slugs
  9 leopard geckos
  88 orcs
  6 bats
  5 giant cockroaches
  14 goblins
  8 hobgoblins
  6 jackals
  5 quokkas
  2 ball pythons (D:3)
  4 frilled lizards
  A jackal skeleton (D:5)
  7 kobolds
  A leopard gecko skeleton (D:4)
  2 quokka skeletons
  8 rats
  2 fungi (Orc:2)
403 creatures vanquished.

Vanquished Creatures (collateral kills)
  A deep elf annihilator (Elf:1)
  A dancing weapon (Elf:1)
  2 deep elf archers (Elf:1)
  2 orc knights (Orc:2)
  6 deep elf magi (Elf:1)
  An orc warrior (Orc:2)
13 creatures vanquished.

Vanquished Creatures (others)
  A fungus (Orc:2)
  21 toadstools (D:7)
22 creatures vanquished.

Grand Total: 438 creatures vanquished

Notes
Turn   | Place    | Note
-------+----------+-------------------------------------------
     0 | D:1      | DawwaD the Minotaur Berserker began the quest for the Orb.
     0 | D:1      | Reached XP level 1. HP: 19/19 MP: 0/0
    68 | D:1      | Reached XP level 2. HP: 23/27 MP: 1/1
    90 | D:1      | Reached skill level 4 in Axes
   479 | D:1      | Reached ** piety under Trog
   536 | D:2      | Reached XP level 3. HP: 28/33 MP: 2/2
   792 | D:2      | Noticed Terence
   805 | D:2      | Killed Terence
   805 | D:2      | Reached XP level 4. HP: 37/41 MP: 3/3
  1183 | D:2      | Reached skill level 5 in Axes
  1187 | D:2      | Reached XP level 5. HP: 42/47 MP: 4/4
  1315 | D:3      | Noticed Sigmund
  1361 | D:3      | Killed Sigmund
  1361 | D:3      | Reached skill level 5 in Fighting
  1361 | D:3      | Reached XP level 6. HP: 34/56 MP: 5/5
  1672 | D:3      | Found an iron altar of Okawaru.
  1673 | D:3      | Found a sparkling altar of Nemelex Xobeh.
  1743 | D:3      | Found a stormy altar of Qazlal.
  1770 | D:3      | Reached *** piety under Trog
  1812 | D:3      | Reached skill level 6 in Axes
  2652 | D:4      | Reached skill level 1 in Shields
  2917 | D:4      | Reached skill level 5 in Armour
  3070 | D:4      | Reached XP level 7. HP: 42/61 MP: 6/6
  3405 | D:4      | Reached **** piety under Trog
  3425 | D:4      | Reached skill level 7 in Axes
  4362 | D:5      | Entered Level 5 of the Dungeon
  4410 | D:5      | Found a white marble altar of Elyvilon.
  4458 | D:5      | Reached skill level 1 in Stealth
  4572 | D:5      | Found a sparkling altar of Nemelex Xobeh.
  4680 | D:5      | Reached XP level 8. HP: 55/70 MP: 7/7
  4818 | D:5      | Found the amulet of Vitality {Regen+ HP+15}
  5150 | D:5      | Reached skill level 8 in Axes
  5294 | D:5      | Noticed a hippogriff
  5303 | D:5      | Killed a hippogriff
  5313 | D:5      | Reached skill level 5 in Dodging
  5586 | D:6      | Reached skill level 9 in Axes
  5627 | D:6      | Noticed Grinder
  5644 | D:6      | Paralysed by Grinder for 5 turns
  5651 | D:6      | Paralysed by Grinder for 5 turns
  5661 | D:6      | Killed Grinder
  5687 | D:6      | Reached XP level 9. HP: 78/78 MP: 8/8
  5846 | D:6      | Found a runed translucent door.
  5847 | D:6      | Noticed Crazy Yiuf
  5854 | D:6      | Killed Crazy Yiuf
  5916 | D:6      | Reached ***** piety under Trog
  6528 | D:7      | Reached skill level 10 in Axes
  6533 | D:7      | Received a gift from Trog
  6544 | D:7      | Found a radiant altar of Vehumet.
  6577 | D:7      | Found a staircase to the Ecumenical Temple.
  6741 | D:7      | Got a scorched lapis lazuli ring
  6743 | D:7      | Identified the ring of Nearauth {rPois rF+ Str-3 Stlth+}
                  | (You found it on level 7 of the Dungeon)
  6947 | D:7      | Reached skill level 11 in Axes
  7048 | D:7      | Reached XP level 10. HP: 86/88 MP: 9/9
  7218 | D:7      | Found a deep blue altar of Sif Muna.
  7298 | D:7      | Found a blossoming altar of Fedhas.
  7310 | D:7      | Noticed an oklob plant
  7448 | D:8      | Noticed a white ugly thing
  7459 | D:8      | Killed a white ugly thing
  7643 | D:8      | Noticed Prince Ribbit
  7659 | D:8      | Killed Prince Ribbit
  7676 | D:8      | Found an opulent altar of Gozag.
  7676 | D:8      | Found a burning altar of Makhleb.
  7860 | D:8      | Reached skill level 12 in Axes
  7907 | D:8      | Reached skill level 5 in Shields
  7933 | D:8      | Found a shimmering altar of Xom.
  8096 | D:8      | Found a bloodstained altar of Trog.
  8097 | D:8      | Found a basalt altar of Yredelemnul.
  8098 | D:8      | Found a glowing golden altar of the Shining One.
  8099 | D:8      | Found an ornate altar of the Wu Jian Council.
  8342 | D:9      | Killed an unseen horror
  8436 | D:9      | Received a gift from Trog
  8521 | D:9      | Found Engas's Jewellery Boutique.
  8656 | D:9      | Found an ornate altar of the Wu Jian Council.
  8822 | D:9      | Found a radiant altar of Vehumet.
  9103 | D:10     | Entered Level 10 of the Dungeon
  9261 | D:10     | Noticed Gastronok
  9290 | D:10     | Killed Gastronok
  9290 | D:10     | Reached skill level 13 in Axes
  9290 | D:10     | Reached XP level 11. HP: 64/96 MP: 10/10
  9606 | D:10     | Reached ****** piety under Trog
  9669 | D:10     | Found a staircase to the Orcish Mines.
  9720 | D:10     | Received a gift from Trog
  9997 | Orc:1    | Entered Level 1 of the Orcish Mines
 10208 | Orc:2    | Entered Level 2 of the Orcish Mines
 10210 | Orc:2    | Noticed an orc high priest
 10211 | Orc:2    | Found Careotz's Antique Armour Emporium.
 10218 | Orc:2    | Reached skill level 14 in Axes
 10222 | Orc:2    | Killed an orc high priest
 10224 | Orc:2    | Reached skill level 10 in Fighting
 10294 | Orc:2    | Bought a pair of glowing gloves for 172 gold pieces
 10363 | Orc:2    | Found a staircase to the Elven Halls.
 10392 | Orc:2    | Noticed an orc knight
 10392 | Orc:2    | Noticed an orc knight
 10409 | Orc:2    | Killed an orc knight
 10413 | Orc:2    | Killed an orc knight
 10541 | Orc:2    | Noticed an orc high priest
 10546 | Orc:2    | Noticed a sun demon
 10550 | Orc:2    | Killed an orc high priest
 10565 | Orc:2    | Received a gift from Trog
 10708 | Orc:2    | Found Velafat's Jewellery Emporium.
 10716 | Orc:2    | Bought an uncursed ring of see invisible for 270 gold
                  | pieces
 10721 | Orc:2    | Noticed an orc sorcerer
 10731 | Orc:2    | Killed an orc sorcerer
 10731 | Orc:2    | Reached skill level 15 in Axes
 10737 | Orc:2    | Reached XP level 12. HP: 99/107 MP: 3/11
 10755 | Orc:2    | Found Mowepie's General Store.
 10785 | Orc:2    | Bought 3 scrolls of blinking for 292 gold pieces
 10853 | Orc:2    | Found Peenaruc's Antique Weapon Shoppe.
 10853 | Orc:2    | Noticed an orc warlord
 11029 | Orc:2    | Killed an orc warlord
 11196 | Elf:1    | Entered Level 1 of the Elven Halls
 11239 | Elf:1    | Reached skill level 16 in Axes
 11256 | Elf:1    | Noticed a deep elf annihilator
 11363 | Elf:1    | Killed a deep elf annihilator
 11602 | Elf:1    | Noticed a deep elf sorcerer
 11609 | Elf:1    | Killed a deep elf sorcerer
 11613 | Elf:1    | Reached skill level 10 in Armour
 11617 | Elf:1    | Reached skill level 17 in Axes
 11626 | Elf:1    | Noticed a deep elf demonologist
 11632 | Elf:1    | HP: 6/125 [poisoned by a +1 war axe of venom]
 11635 | Elf:1    | Noticed a green death
 11637 | Elf:1    | HP: 1/127 [deep elf mage/bolt of lightning (20)]
 11638 | Elf:1    | Reached XP level 13. HP: 4/117 MP: 1/12
 11644 | Elf:1    | Shot with an arrow by a deep elf archer

Skill      XL: |  1  2  3  4  5  6  7  8  9 10 11 12 13 |
---------------+----------------------------------------+-----
Axes           | 4 5 6 7 9 11 13 15 17 | 17.1
Fighting       | 4 5 6 7 9 10 11 | 11.9
Armour         | 3 4 5 6 7 8 9 10 | 10.1
Dodging        | 3 4 5 6 7 8 9 |  9.0
Shields        | 1 2 3 4 6 |  6.8
Stealth        | 1 2 3 |  3.1

Action                   |  1- 3 |  4- 6 |  7- 9 | 10-12 | 13-15 || total
-------------------------+-------+-------+-------+-------+-------++-------
Melee: Hand axe          |    72 |   191 |   340 |   302 |       ||   905
       Headbutt          |     4 |    28 |    82 |   126 |       ||   240
       Broad axe         |       |       |       |    82 |       ||    82
       Battleaxe         |       |       |       |    85 |     4 ||    89
Invok: Berserk           |       |       |     4 |    10 |       ||    14
       Trog's Hand       |       |       |       |     3 |       ||     3
       Brothers in Arms  |       |       |       |     5 |       ||     5
  Use: Scroll            |       |     7 |     3 |     2 |       ||    12
       Potion            |       |       |       |     1 |       ||     1
  Eat: Ration            |       |     2 |     2 |     4 |       ||     8
       Chunk             |       |     1 |     8 |    13 |       ||    22
Armor: Animal skin       |     7 |       |       |       |       ||     7
       Ring mail         |    15 |    75 |   101 |   140 |       ||   331
Dodge: Dodged            |    53 |    89 |   173 |   260 |     2 ||   577
       Deflected         |       |       |       |    11 |       ||    11
Block: Buckler           |     5 |    27 |    50 |    74 |       ||   156
